 Dungeon Crawl Stone Soup version 0.25-a0-578-gc91f01c39c (webtiles) character file.

Game seed: 10984061478187859172, levelgen mode: deterministic

7 Flugslaktarn the Shield-Bearer (level 1, -8/20 HPs)
             Began as a Deep Dwarf Fighter on Mar 3, 2020.
             Mangled by an ogre
             ... wielding a +0 giant club
              (16 damage)
             ... on level 3 of the Dungeon.
             The game lasted 00:00:04 (89 turns).

Flugslaktarn the Shield-Bearer (Deep Dwarf Fighter)   Turns: 89, Time: 00:00:05

Health: -8/20      AC:  6    Str: 19    XL:     1   Next: 83%
Magic:  1/1        EV:  7    Int:  8    God:
Gold:   0          SH:  9    Dex: 12    Spells: 0/0 levels left

rFire    . . .     SeeInvis .   a - +0 war axe
rCold    . . .     Gourm    .   c - +0 kite shield
rNeg     . . .     Faith    .   b - +0 scale mail
rPois    .         Spirit   .   (no helmet)
rElec    .         Reflect  .   (no cloak)
rCorr    .         Harm     .   (no gloves)
MR       .....                  (no boots)
Stlth    ..........             (no amulet)
HPRegen  0.00/turn              (no ring)
MPRegen  0.07/turn              (no ring)

@: non-regenerating
A: damage resistance, heal wounds, sense surroundings 1, no regeneration
a: Heal Wounds


You were on level 3 of the Dungeon.
You were not hungry.

You visited 1 branch of the dungeon, and saw 3 of its levels.

Inventory:

Hand Weapons
 a - a +0 war axe (weapon)
Armour
 b - a +0 scale mail (worn)
 c - a +0 kite shield (worn)
Scrolls
 g - a scroll of identify {unknown}
 i - a scroll of teleportation {unknown}
 j - 3 scrolls of magic mapping {unknown}
Potions
 d - a potion of might
 f - a potion of flight {unknown}
 h - a potion of stabbing {unknown}
Comestibles
 e - a ration


   Skills:
 + Level 2.8 Fighting
 * Level 2.5 Axes
 + Level 3.4 Armour
 + Level 3.4 Shields


You couldn't memorise any spells.
You didn't know any spells.
Your spell library was empty.

Dungeon Overview and Level Annotations

Branches:
Dungeon (3/15)

Altars:


Innate Abilities, Weirdness & Mutations

You are resistant to damage.
You can heal yourself by infusing magical energy.
You passively map a small area around you.
You do not regenerate.


Message History

The jackal bites you.
The gnoll hits you from afar with a +0 halberd.
You slash the jackal!
You kill the jackal!
You hit the jackal. You closely miss the jackal. You block the jackal's attack.
The jackal bites you but does no damage.
The gnoll barely misses you. The gnoll hits you but does no damage.
The jackal bites you. You block the jackal's attack.
The jackal bites you but does no damage.
You closely miss the jackal.
The jackal is almost dead.
You hit the jackal but do no damage. You closely miss the jackal.
The jackal bites you but does no damage.
The jackal barely misses you. The jackal bites you.
The gnoll hits you from afar with a +0 spear.
The gnoll hits you from afar with a +0 halberd.
You block the jackal's attack. x2; The jackal barely misses you.
The gnoll hits you but does no damage. The ogre hits you with a +0 giant club!
Ouch! That really hurt!
You die...

* ##...* * , ,
#.. * #.., , ,
,,, #.., * **
#.## * * #..#
* ######..# ,
#..gg.O.### *
* ,#..#g.@h..#
* * #.#hh#.#
#......#*
.........
,,,......#.###
* , #.>......#
,* ,
###.#.##.# , ,
, * #.... * *
*


You could see an ogre, 3 gnolls and 3 jackals.

Vanquished Creatures
  An ooze (D:2)
  A jackal (D:3)
  A goblin (D:1)
3 creatures vanquished.

Notes
Turn   | Place    | Note
-------+----------+-------------------------------------------
     0 | D:1      | Flugslaktarn the Deep Dwarf Fighter began the quest for the
                  | Orb.
     0 | D:1      | Reached XP level 1. HP: 20/20 MP: 1/1
    83 | D:3      | Noticed an ogre
    89 | D:3      | Mangled by an ogre

Levels and vault maps discovered:
D:1:      dpeg_arrival_arbitrary_c, layout_basic
D:2:      layout_rooms, first_ration
D:3:      layout_loops_cross, nicolae_overflow_hidden_temple, led_sif_pool,
          nicolae_overflow_crystal_walls, minivault_23

Action                   || total
-------------------------++-------
Melee: War axe           ||    11
Armor: Scale mail        ||    10
Dodge: Dodged            ||     8
Block: Kite shield       ||    10

Table legend:
 A = Non-vault XP
 B = Vault XP
 C = Vault XP percentage of total XP
 D = Non-vault monster count
 E = Vault monster count
 F = Vault count percentage of total count
                 A         B        C        D         E       F
            +---------+---------+-------+---------+---------+-------
      Total |      10 |       0 |   0.0 |       3 |       0 |   0.0
            +---------+---------+-------+---------+---------+-------
        D:1 |       1 |       0 |   0.0 |       1 |       0 |   0.0
        D:2 |       7 |       0 |   0.0 |       1 |       0 |   0.0
        D:3 |       2 |       0 |   0.0 |       1 |       0 |   0.0
            +---------+---------+-------+---------+---------+-------
